 Dungeon Crawl Stone Soup version 0.28.0-62-gf88900778d (webtiles) character file.

Game seed: 16388807666852137082

61 cbfl8 the Slasher (level 3, -5/51 HPs)
             Began as a Minotaur Berserker on June 29, 2023.
             Was a Believer of Trog.
             Slain by Grinder (7 damage)
             ... on level 3 of the Dungeon.
             The game lasted 00:01:44 (2056 turns).

cbfl8 the Slasher (Minotaur Berserker)              Turns: 2056, Time: 00:01:45

Health: -5/51      AC:  3    Str: 21    XL:     3   Next: 83%
Magic:  2/2        EV: 12    Int:  4    God:    Trog [**....]
Gold:   51         SH:  0    Dex: 11    Spells: 2/2 levels left

rFire   . . .      SeeInvis .   a - +0 falchion
rCold   . . .      Faith    .   (no shield)
rNeg    . . .      Spirit   .   b - +0 animal skin
rPois   .          Reflect  .   (helmet restricted)
rElec   .          Harm     .   (no cloak)
rCorr   .          Rampage  .   c - +0 pair of gloves
Will    .....                   (no boots)
Stlth   ..........              i - amulet of the acrobat
HPRegen 0.17/turn               (no ring)
MPRegen 0.08/turn               (no ring)

@: berserking, very quick
A: horns 2, retaliatory headbutt
a: Renounce Religion, Berserk, Trog's Hand


You were on level 3 of the Dungeon.
You worshipped Trog.
Trog was pleased with you.
You visited 1 branch of the dungeon, and saw 3 of its levels.

You collected 51 gold pieces.

Inventory:

Hand Weapons
 a - a +0 falchion (weapon)
Armour
 b - a +0 animal skin (worn)
 c - a +0 pair of gloves (worn)
Jewellery
 i - an amulet of the acrobat (around neck)
Wands
 d - a wand of iceblast (9)
Scrolls
 h - 2 scrolls of noise
 k - a scroll of fear {unknown}
Potions
 e - 2 potions of magic {unknown}
 f - a potion of curing {unknown}
 j - 2 potions of ambrosia {unknown}
 l - a potion of cancellation {unknown}
 m - a potion of lignification {unknown}


   Skills:
 + Level 4.4 Fighting
 + Level 4.6 Long Blades
 + Level 2.6 Armour
 + Level 2.7 Dodging
 + Level 0.1 Stealth


You had 2 spell levels left.
You didn't know any spells.
Your spell library was empty.

Dungeon Overview and Level Annotations

Branches:
Dungeon (3/15)

Altars:
Hepliaklqana

Annotations:
D:3 Grinder


Innate Abilities, Weirdness & Mutations

You have a pair of horns on your head.
You reflexively headbutt those who attack you in melee.


Message History

You slash the hobgoblin!
You kill the hobgoblin!
Trog accepts your kill.
You open the door.
Found two faded altars of an unknown god and a hazy altar of Hepliaklqana.
No target in view!
There is an open door here.
Found a faded altar of an unknown god.
No target in view!
There is an open door here.
Grinder comes into view.
Found a dagger.
Grinder gestures at you.
You barely resist.
Grinder is nearby!
Grinder gestures at you. Pain shoots through your body!
Grinder is nearby!
Grinder is nearby!
You barely miss Grinder. Grinder barely misses you. You furiously retaliate!
You headbutt Grinder! Grinder hits you!
You writhe in agony.
Grinder is nearby!
A red film seems to cover your vision as you go berserk!
You feel yourself moving faster!
You feel mighty! Grinder hits you!
You writhe in agony.
* * * LOW HITPOINT WARNING * * *
You closely miss Grinder.
Grinder is moderately wounded.
You hit Grinder.
Grinder is heavily wounded.
Grinder hits you but does no damage.
You hit Grinder. Your punch misses Grinder.
Grinder is heavily wounded.
Grinder gestures at you. Pain shoots through your body!
* * * LOW HITPOINT WARNING * * *
You slash Grinder! Your headbutt misses Grinder.
Grinder is almost dead.
Grinder hits you!
You die...

##. ##.# .. .#.# .. ...+
. ... .#.## ##...##
###.....# #...@5..# #+#
#.#.....# #.# #.##)..##
#.# #.###########.### #.#
#.......# ### #####.#####
#.#.....## ..##
#.........# #.##.....##
_..##
#.###.###.###.###..#..###
....### #.# #.........#
#.###....


You could see Grinder.

Vanquished Creatures
  3 adders
  A worm (D:2)
  5 endoplasms
  A giant cockroach (D:1)
  2 goblins (D:1)
  A hobgoblin (D:3)
  A kobold (D:3)
  A quokka (D:1)
  2 ball pythons (D:2)
  5 bats
  4 frilled lizards
  6 rats
32 creatures vanquished.

Notes
Turn   | Place    | Note
-------+----------+-------------------------------------------
     0 | D:1      | cbfl8 the Minotaur Berserker began the quest for the Orb.
     0 | D:1      | Reached XP level 1. HP: 19/19 MP: 0/0
   552 | D:1      | Reached XP level 2. HP: 27/27 MP: 1/1
  1016 | D:2      | Reached XP level 3. HP: 19/33 MP: 2/2
  1449 | D:2      | Reached ** piety under Trog
  2021 | D:3      | Found a faded altar of an unknown god.
  2021 | D:3      | Found a faded altar of an unknown god.
  2021 | D:3      | Found a hazy altar of Hepliaklqana.
  2023 | D:3      | Found a faded altar of an unknown god.
  2047 | D:3      | Noticed Grinder
  2055 | D:3      | HP: 2/51 [Grinder/nerve-wracking pain (12)]
  2056 | D:3      | Slain by Grinder

Illustrated notes

Levels and vault maps discovered:
D:1:      dpeg_cavernosity, layout_loops_ring
D:2:      layout_basic, minmay_tetromino_i2
D:3:      layout_loops_corners, nicolae_hepliaklqana_ecumenical_no_more,
          okawaru_ov_weapons_minmay, uniq_robin, uniq_grinder

Skill      XL: |  1  2 |
---------------+-------+-----
Fighting       | 4 |  4.4
Long Blades    | 4 |  4.6
Armour         | |  2.6
Dodging        | |  2.7
Stealth        | |  0.1

Action                   || total
-------------------------++-------
Melee: Falchion          ||    68
       Headbutt          ||     6
Invok: Berserk           ||     2
  Use: Scroll            ||     2
 Stab: Sleeping          ||     1
Armor: Animal skin       ||    14
Dodge: Dodged            ||    53
